[Event "American Cup Elimination 2023"]
[Site "Saint Louis"]
[Date "2023.03.21"]
[Round "2.2"]
[White "Aronian, Levon"]
[Black "Caruana, Fabiano"]
[Result "1-0"]
[ECO "C78"]
[WhiteElo "2745"]
[BlackElo "2766"]
[Annotator "TA"]
[PlyCount "123"]
[EventDate "2023.03.15"]
[EventType "k.o."]
[EventCountry "USA"]
[SourceTitle "playchess.com"]
[Source "ChessBase"]
[SourceQuality "1"]
[TimeControl "1500+10"]

1. e4 e5 2. Nf3 Nc6 3. Bb5 a6 4. Ba4 Nf6 5. d3 Bc5 6. O-O b5 7. Bb3 O-O 8. c3 d6 9. Bg5 {[%emt 0:00:13] C78: Ruy Lopez: Archangelsk and Möller Defences.} h6 10. Bh4 g5 {[%emt 0:00:39] 10...Bb6 deserves study.} 11. Bg3 {[%emt 0:00:01] White is slightly better.} Bb6 12. a4 {[%emt 0:00:06] next axb5 is good for White.} Rb8 13. Nbd2 {[%emt 0:00:01] [#]} Nh7 $146 ({Predecessor:} 13... Kg7 14. h3 g4 15. Nh4 Nh5 16. Kh2 Qg5 17. hxg4 Bxg4 18. Ndf3 Nxg3 19. fxg3 Qh5 {½-½ Moll,R (2554)-Pessoa,F (2524) W-ch32 final email 2020}) 14. Re1 Kh8 (14... h5 $5 15. axb5 axb5 $11) 15. axb5 axb5 16. Nf1 f5 (16... h5 $1 $11 17. h4 g4) 17. exf5 $1 $14 Bxf5 18. Ne3 Bg6 (18... Bxe3 $14 19. Rxe3 h5) 19. Nd5 $1 $16 Nf6 20. Nxb6 ({White should try} 20. d4 $1 ) 20... Rxb6 21. d4 $1 exd4 (21... e4 $16 {might work better.}) 22. Nxd4 $18 Nxd4 23. Qxd4 (23. cxd4 $6 Rb8 $16) 23... c5 24. Qd1 b4 25. Bc2 Bxc2 26. Qxc2 {[%emt 0:00:02] Black must now prevent Qg6.} Qd7 27. cxb4 cxb4 28. Qd3 Kg7 29. f3 Rf7 30. Ra5 {[%emt 0:01:08] Against Qb5} Rc6 31. Bf2 Re7 32. Rd1 Qe6 {[%emt 0:00:35] [#]} 33. h4 $1 (33. Bd4 $6 Qe2 $16) 33... gxh4 34. Bxh4 (34. Re1 $18 Qd7 35. Rxe7+ (35. Bxh4 Rxe1+ {[%mdl 64] Remove Defender} 36. Bxe1 Qc7 $16) 35... Qxe7 36. Qd2 (36. Bxh4 Rc1+ 37. Kh2 Rc5 $14)) 34... Qe3+ 35. Qxe3 Rxe3 36. Rd4 b3 (36... Rc1+ $2 37. Kh2 Re6 38. Ra7+ (38. Rxb4 Rc2 $16) 38... Kg6 39. Ra6 $18 (39. Rxb4 Rc2 $16)) 37. Rf4 {[%emt 0:00:38] aiming for Ra7+.} d5 38. Bf2 (38. Rb5 $16) 38... Rd3 39. Bd4 Kg6 40. Ra8 ({Better is} 40. Kh2 $16) 40... Kg5 $1 $11 41. Be5 {[%emt 0:00:14] Hoping for Rf8.} Re6 $2 {[%emt 0:00:38][%mdl 8192] [#]} (41... Re3 $11 42. Rb4 Rc1+ 43. Kf2 Rxe5 44. f4+ (44. Rxb3 $2 {is the wrong capture.} Rc2+ 45. Kf1 Ree2 $19) 44... Kf5 45. fxe5 Ne4+ 46. Kf3 Rf1+ 47. Ke2 (47. Ke3 Re1+ 48. Kd3 Rd1+ 49. Ke3 Re1+ 50. Kf3 Rf1+ 51. Ke3 Re1+ $11) 47... Rf2+ 48. Ke3 Rxb2) 42. Rd4 $2 (42. Rf8 $1 $18) 42... Rxd4 $16 43. Bxd4 {[%emt 0:00:01][%mdl 4096] Endgame KRB-KRN} Re2 $2 (43... Rc6 $16 {keeps fighting.}) 44. Rd8 (44. f4+ $142 Kf5 45. Rf8 Kxf4 46. Bxf6) 44... h5 45. Rd6 {[%emt 0:00:20] Wards off Re6} Nh7 46. Rxd5+ Kg6 47. Rd6+ Kf5 $2 (47... Kf7 {was necessary.} 48. Rd7+ Re7) 48. Rh6 $18 Re7 49. Rxh5+ Ng5 {[%emt 0:00:01] [#]} 50. f4 $1 {[%emt 0:00:30][%mdl 64] Deflection} Kxf4 51. Bf6 Rf7 (51... Nf3+ 52. gxf3 Re6) 52. Bxg5+ {[%emt 0:00:01] KRB-KR} Kg4 53. Rh3 Kxg5 {[%emt 0:00:01] KR-KR} 54. Rg3+ Kh4 55. Rxb3 Rd7 (55... Kg4 $142 56. Rd3 Rf4) 56. Kf2 Rd2+ 57. Ke3 Rxg2 58. Rb5 {[%emt 0:00:01] White mates.} Rg4 59. b4 Kg3 60. Kd3 Rf4 61. Kc3 Kf3 62. Re5 {[%emt 0:00:04] Weighted Error Value: White=0.32/Black=0.43} 1-0

[Event "American Cup Elimination 2023"]
[Site "Saint Louis"]
[Date "2023.03.21"]
[Round "2.2"]
[White "Shankland, Sam"]
[Black "Dominguez Perez, Leinier"]
[Result "1/2-1/2"]
[ECO "C43"]
[WhiteElo "2710"]
[BlackElo "2743"]
[Annotator "TA"]
[PlyCount "99"]
[EventDate "2023.03.15"]
[EventType "k.o."]
[EventCountry "USA"]
[SourceTitle "playchess.com"]
[Source "ChessBase"]
[SourceQuality "1"]
[TimeControl "1500+10"]

1. e4 e5 2. Nf3 Nf6 3. d4 Nxe4 4. Bd3 d5 5. Nxe5 Nd7 6. Nxd7 Bxd7 7. Nc3 {[%emt 0:00:01] C43: Petroff Defence: 3 d4.} Qh4 {[%emt 0:05:23][%csl Ge4][%cal Rh4f2] [#]} 8. Nxe4 $146 (8. O-O $5 Nxc3 9. bxc3 $11) ({Predecessor:} 8. O-O Nxc3 9. bxc3 O-O-O 10. Qf3 Be6 11. Bf4 Bd6 12. Bg3 Qg4 13. Qxg4 Bxg4 14. Rfe1 Be6 15. Be5 Bxe5 16. Rxe5 {½-½ Vasquez Schroder,R (2500)-Deac,B (2679) Titled Tuesday intern op 26th Apr Early blitz 2022 (11)}) 8... dxe4 9. g3 Bb4+ 10. c3 Qe7 11. Bc2 Bd6 12. O-O O-O 13. f3 exf3 14. Qxf3 Rae8 15. Bf4 (15. Qd3 $5 f5 16. Bd2 $14) 15... Bxf4 16. Qxf4 Bh3 17. Rfd1 Qe3+ 18. Qxe3 Rxe3 19. Re1 {[%emt 0:00:49] Dodges Re2} Rfe8 20. Rxe3 Rxe3 $11 {[%emt 0:00:01][%mdl 4096] Endgame KRB-KRB} 21. Kf2 {[%emt 0:00:01] Wards off Re2+} Re6 22. d5 Re5 23. c4 Kf8 24. Rd1 (24. Bxh7 g6 25. Rd1 Kg7 26. Bxg6 (26. d6 $2 cxd6 27. Bxg6 fxg6 $19) 26... fxg6 $17) 24... Ke7 (24... Bg4 $5 25. Rd2 Ke7 $11) 25. b4 (25. Bxh7 g6 26. Rd4 Rf5+ 27. Ke3 Rh5 28. Re4+ Kf8 29. Bxg6 (29. Rh4 $2 Rxh4 30. gxh4 Kg7 $19) 29... fxg6 $17) 25... Bg4 {[%emt 0:01:13] ...Re2+ would be deadly.} 26. Rd2 {[%emt 0:00:11] Inhibits Re2+.} b6 27. Bd3 Kd6 28. Bf1 Rf5+ 29. Kg1 Re5 30. Rd4 Bd7 31. Kf2 {[%emt 0:01:04] Against Re3} a5 32. a3 axb4 33. axb4 Re8 34. Bd3 h6 35. Bc2 (35. Rf4 $11 {remains equal.} f6 36. b5) 35... Ra8 $17 {[%emt 0:00:16] Hoping for ...Ra2.} 36. Ke3 Ra2 37. Bb3 {[%emt 0:01:04] [#]} ({White should play} 37. Rd2) 37... Ra3 (37... Rb2 $142 $1 38. Rd3 Bf5) 38. Rd3 Bf5 39. Rc3 {[%emt 0:00:02] [#]} Bc2 $1 {[%emt 0:00:01][%mdl 64] Pin} 40. c5+ $1 bxc5 41. bxc5+ Ke5 42. d6 $1 cxd6 (42... Rxb3 $2 43. Rxb3 cxd6 44. Rc3 $18) (42... Bxb3 43. d7 (43. dxc7 Ra8 $11) 43... Ra8 44. Rxb3 $16) 43. cxd6 Kxd6 ({But not} 43... Rxb3 44. Rxb3 Kxd6 45. Rb8 $16) ({Much less strong is} 43... Bxb3 44. d7 Be6 45. Rxa3 (45. d8=R $2 {is the wrong capture.} Rxc3+ 46. Kd2 Ra3 $19) 45... Bxd7 46. Ra5+ Ke6 47. Ra7 $16) 44. Rxc2 {[%emt 0:00:00] Threatens to win with Rc3.} Rxb3+ $15 {[%emt 0:00:02] KR-KR} 45. Kf2 Ra3 46. Rb2 Rc3 47. Re2 Ra3 48. Rb2 $1 Rc3 49. Re2 $1 Ra3 50. Rb2 $1 {[%emt 0:00:01] Weighted Error Value: White=0.10 (very precise) /Black=0.11 (very precise)} 1/2-1/2

[Event "American Cup Elimination 2023"]
[Site "Saint Louis"]
[Date "2023.03.19"]
[Round "2.2"]
[White "Robson, Ray"]
[Black "Shankland, Sam"]
[Result "1/2-1/2"]
[ECO "C55"]
[WhiteElo "2702"]
[BlackElo "2710"]
[Annotator "TA"]
[PlyCount "99"]
[EventDate "2023.03.15"]
[EventType "k.o."]
[EventCountry "USA"]
[SourceTitle "playchess.com"]
[Source "ChessBase"]
[SourceQuality "1"]
[TimeControl "1500+10"]

1. e4 e5 2. Nf3 Nc6 3. Bc4 Nf6 4. d3 Be7 5. O-O O-O 6. Nc3 d6 7. a3 Bg4 {[%emt 0:00:27] 7...h6 deserves study.} 8. h3 Bh5 9. Be3 Kh8 {[%emt 0:00:05] C55: Two Knights: 4 d3, 4 d4 exd4 5 e5 and Max Lange Attack.} 10. Kh1 {[%emt 0:02:36] [#]} Qc8 $146 (10... Nd4 $5 ) ({Predecessor:} 10... Qd7 11. Bb5 a6 12. Bxc6 bxc6 13. Rg1 Rab8 14. b3 Bxf3 15. Qxf3 d5 16. Bg5 Ng8 17. Bxe7 Nxe7 {½-½ Suchanek,L-Hora,V CSR Army-ch12 1965 (14)}) 11. Rg1 Nd4 12. g4 Nxf3 (12... Nxg4 $1 $11 13. hxg4 Bxg4 14. Rxg4 Qxg4 15. Nxd4 {[%mdl 64] Discovered Attack} Qh3+ 16. Kg1 exd4 17. Bxd4 Bf6) 13. Qxf3 $14 Bg6 14. Bb3 c6 15. Ne2 h6 16. Ng3 Nh7 17. Nf5 Qd8 18. Qg3 Bg5 19. h4 Bxe3 20. Nxe3 f6 21. f4 exf4 {[%emt 0:00:16] Black is weak on the light squares} 22. Qxf4 Qd7 23. Nf5 Rad8 24. Rae1 Bf7 25. Bxf7 Qxf7 26. d4 {[%emt 0:00:33] White has more active pieces.} (26. Nxd6 $2 {perishes.} Qc7 27. Qg3 (27. e5 $2 fxe5 28. Qxe5 Rxd6 $19) 27... Rxd6 $19) 26... Qe6 27. Re3 Rd7 28. Kh2 Kg8 29. Rge1 $36 {[%emt 0:00:19][%mdl 2048] White has some pressure.} c5 30. c3 cxd4 31. cxd4 Rc8 32. R1e2 a5 33. e5 dxe5 34. dxe5 Rc4 $2 {[%emt 0:00:06] [#]} (34... Rcd8 $16 {was worth a try.}) 35. Qg3 $1 $18 {[%emt 0:00:57] Hoping for exf6.} Nf8 {[%emt 0:01:41] [#]} 36. exf6 $2 ({White has to play} 36. Rf2 $1 $18 {Black must now prevent exf6.} fxe5 37. Rxe5 Rxg4 38. Rxe6 Rxg3 39. Re8 (39. Ne7+ Kh7 $18)) 36... Qxf6 $14 37. Ne7+ ({Better is} 37. Re8 $14 Kh7 38. h5) 37... Kh7 $1 $11 {[%emt 0:01:18] The position is equal.} 38. Rf3 {[%emt 0:00:09][%mdl 64] Skewer, Deflection} Qa6 {[%emt 0:01:00][%cal Oc4g4] Threatens to win with ...Rxg4!} 39. Rxf8 {[%emt 0:00:09][%cal Of8h8] Threatening mate with Rh8+!} (39. Rg2 {simplifies} Ng6 40. Nxg6 Qxg6 41. Rf8) 39... Rcc7 40. Qe5 {[%emt 0:00:48] Qf5+ would kill now.} Rxe7 41. Qf5+ (41. Qxe7 $2 {is the wrong capture.} Rxe7 42. Rxe7 Qd6+ 43. Kh3 Qxe7 $19) 41... g6 42. Rxe7+ Rxe7 43. Rh8+ {[%emt 0:00:11][%mdl 64] Decoy} Kxh8 {[%emt 0:00:06][%mdl 4096] Endgame} 44. Qf8+ Kh7 {[%emt 0:00:02] ( -> ...Qe2+)} 45. Qxe7+ Kg8 46. Qe8+ Kg7 47. Qe7+ Kg8 48. Qe8+ Kg7 49. Qe7+ Kg8 50. Qe8+ {[%emt 0:00:03] An exciting game.   Weighted Error Value: White=0.17 (very precise) /Black=0.13 (very precise)} 1/2-1/2

[Event "American Cup Elimination 2023"]
[Site "Saint Louis"]
[Date "2023.03.21"]
[Round "2.3"]
[White "Aronian, Levon"]
[Black "Caruana, Fabiano"]
[Result "1-0"]
[ECO "C77"]
[WhiteElo "2745"]
[BlackElo "2766"]
[Annotator "TA"]
[PlyCount "125"]
[EventDate "2023.03.15"]
[EventType "k.o."]
[EventCountry "USA"]
[SourceTitle "playchess.com"]
[Source "ChessBase"]
[SourceQuality "1"]
[TimeControl "600+5"]

1. e4 e5 2. Nf3 Nc6 3. Bb5 a6 4. Ba4 Nf6 5. d3 d6 6. c3 g6 7. O-O Bg7 8. Be3 {[%emt 0:00:10] C77: Ruy Lopez: 3...a6 4 Ba4 Nf6, unusual lines.} O-O 9. Nbd2 h6 10. h3 {[%emt 0:00:02] The position is equal.} Nd7 {[%emt 0:00:03] [#]} 11. d4 $5 $146 {[%emt 0:00:26][%mdl 8] New and interesting.} ({Predecessor:} 11. Nh2 Ne7 12. f4 exf4 13. Bxf4 Nc5 14. Bc2 Ne6 15. Be3 f5 16. d4 f4 17. Bf2 {1-0 Murzin,V (2502)-Nihal,S (2620) Gelfand Challenge rapid 2021 (19)}) 11... f5 12. exf5 gxf5 13. dxe5 dxe5 14. Bxc6 (14. g3 $14) 14... bxc6 $11 15. Nb3 (15. Qa4 {looks sharper.} f4 16. Qc4+ Kh7 17. Qxc6 fxe3 18. Qxa8 exd2 19. Qe4+) 15... Qf6 16. Re1 Re8 17. Qc2 Qf7 18. Rad1 e4 19. Nfd4 f4 20. Bc1 c5 21. Ne2 e3 (21... c4 $11 22. Nbd4 f3) 22. fxe3 {[%emt 0:00:36] Rf1 is the strong threat.} (22. Rf1 $5 ) 22... f3 $1 {[%emt 0:00:01] aiming for ...f2+.} (22... fxe3 23. Rf1 Qe7 24. Rf3 $16) (22... c4 23. Nbd4 $16) 23. Nf4 (23. Rf1 $14) 23... Bb7 (23... a5 $1 $11 {keeps the balance.}) 24. Qg6 ({Better is} 24. e4 $16) 24... Qxg6 25. Nxg6 {[%emt 0:00:01] A dynamic duo of knights.} Rad8 26. Nf4 Ba8 {[%emt 0:00:50] Prevents e4} 27. gxf3 Ne5 (27... Bxf3 $11 28. Rd2 Bf6) 28. Kf2 {[%emt 0:00:17] Hoping for e4.} Nxf3 29. Rf1 (29. Rxd8 $14 Rxd8 30. Rf1) 29... c4 (29... Rxd1 $11 30. Rxd1 c4) 30. Nc5 ({White should play} 30. Rxd8 $14 Rxd8 31. Nc5) 30... Bf6 (30... Rxd1 $1 $11 31. Rxd1 Ng5) 31. Rxd8 (31. Nxa6 Bh4+ 32. Ke2 Nh2 33. Rxd8 Rxd8 34. Rg1+ Kf7 $11) (31. Ke2 {is interesting.} Ng5 32. Nd7 Bg7 33. h4) 31... Rxd8 (31... Bxd8 $16 32. Nfe6 (32. Nxa6 Nh2 $11) 32... Ng5 33. Nxd8 Rxd8) 32. Ke2 ({Worse is} 32. Nxa6 Bh4+ 33. Ke2 Nh2 34. Rg1+ Kf7 $11) 32... Rd6 33. Rxf3 Bxf3+ 34. Kxf3 Rd1 35. Ne2 Rf1+ 36. Kg4 Re1 37. Kf3 Rf1+ $1 38. Kg2 Re1 {[%emt 0:00:01] [#]} 39. Kf2 Bh4+ 40. Kf3 Kf7 41. e4 $2 ({White should try} 41. b4 $18) 41... Rf1+ 42. Kg4 Be7 43. Nxa6 Re1 $2 {[%emt 0:00:06] White leaves nothing to chance now.} (43... h5+ $1 $11 44. Kxh5 Re1) 44. Kf3 $18 Rf1+ 45. Kg2 Re1 {[%emt 0:00:01] [#]} 46. Kf2 Rh1 (46... Bh4+ 47. Kf3 h5) 47. Bxh6 Rxh3 48. Bf4 {[%emt 0:00:01] White is clearly winning.} c5 49. Nc7 Rh1 50. Nd5 Bh4+ 51. Kf3 Rf1+ 52. Kg4 Bd8 53. Be3 Re1 54. Kf3 Rf1+ 55. Kg2 Re1 56. Kf2 Bh4+ 57. Kf3 Rf1+ 58. Kg4 Re1 59. Kxh4 {[%emt 0:00:11] Strongly threatening Nef4.} Rxe2 60. Kg4 ({Weaker is} 60. Bxc5 Rxe4+ 61. Kg3 Re5 $16) 60... Rxb2 61. Bxc5 {[%emt 0:00:01] And now Kf5 would win.} Rxa2 62. Bd4 {[%emt 0:00:01] Threatens to win with Kf5.} Ra1 63. Kf5 {[%emt 0:00:03] Weighted Error Value: White=0.23 (precise) /Black=0.33} 1-0

[Event "American Cup Elimination 2023"]
[Site "Saint Louis"]
[Date "2023.03.21"]
[Round "2.4"]
[White "Caruana, Fabiano"]
[Black "Aronian, Levon"]
[Result "1-0"]
[ECO "C65"]
[WhiteElo "2766"]
[BlackElo "2745"]
[Annotator "TA"]
[PlyCount "185"]
[EventDate "2023.03.15"]
[EventType "k.o."]
[EventCountry "USA"]
[SourceTitle "playchess.com"]
[Source "ChessBase"]
[SourceQuality "1"]
[TimeControl "600+5"]

1. e4 e5 2. Nf3 Nc6 3. Bb5 Nf6 4. d3 Bc5 5. Bxc6 dxc6 6. Nbd2 Be6 7. O-O Bd6 8. Nb3 b6 9. Bg5 Qd7 10. Bh4 c5 11. Nbd2 Nh5 12. Ng5 Nf4 13. Nxe6 Nxe6 14. Nc4 f6 15. f3 a5 16. a4 h5 17. Bf2 h4 18. h3 Be7 19. Qe1 g5 20. Ne3 O-O-O 21. Nf5 Nd4 22. Ne3 Ne6 23. Kh2 Kb7 24. Qc3 Nd4 25. Nc4 Rhf8 26. Rfe1 Qc6 27. Qd2 Qd7 28. Be3 Qe6 29. Qf2 Qc6 30. Reb1 Kc8 31. Rd1 Qe6 32. Kh1 Rd7 33. c3 Nc6 34. Qc2 Rfd8 35. Rd2 Kb8 36. Rad1 Bf8 37. Qb3 Qe8 38. Qb5 Qe6 39. Qa6 Rf7 40. Bf2 Rfd7 41. Na3 Na7 42. Ra1 Qc6 43. Qc4 Rd6 44. Nb5 Nxb5 45. axb5 Qd7 46. d4 exd4 47. cxd4 cxd4 (47... Qe8 $15 {stays ahead.}) 48. b4 $16 Qe6 (48... c6 $2 49. bxa5 cxb5 50. Qb3 $18) 49. Qc1 (49. Qd3 $1 $16) 49... R6d7 (49... axb4 50. Rda2 Kc8 51. e5 (51. Ra7 Kd7 $16) 51... fxe5 52. Ra7 $18 (52. Ra8+ Kd7 $11)) 50. bxa5 Bb4 (50... bxa5 $11 51. Qc6 Qxc6 52. bxc6 Rd6) 51. Rda2 (51. axb6 $1 $16 Bxd2 52. bxc7+ Rxc7 53. Qxd2) 51... Bxa5 (51... bxa5 $11 {keeps the balance.} 52. Ra4 Bc3) 52. Be1 $1 $16 d3 $2 (52... Bxe1 $2 53. Ra8+ Kb7 54. R1a7#) (52... Kb7 $16) 53. Bxa5 $18 bxa5 54. Qd2 $2 (54. Rxa5 {mates} c6 55. bxc6 Rc8 56. Ra8+ Kc7 57. Rxc8+ {[%mdl 64] Remove Defender} Kxc8 58. cxd7+ Kxd7 59. Ra7+ Ke8 60. Qc7 Kf8 61. Qg7+ Ke8 62. Qh8+ Qg8 63. Qxg8#) 54... Kb7 $1 $14 55. Rxa5 Rb8 56. Ra6 Qe5 57. b6 cxb6 58. Ra7+ Kc8 59. Rc1+ Kd8 60. Rxd7+ Kxd7 61. Qxd3+ Ke7 62. Qa3+ (62. Rd1 Kf8 $14) 62... Ke8 63. Qa7 Rd8 64. Qg7 Qf4 $2 (64... b5 $11 {and Black stays safe.}) 65. Ra1 $1 $18 Qd6 66. e5 $1 Qf8 67. Qc7 $2 ({Inferior is} 67. Qxf6 Qxf6 68. exf6 b5 $11) (67. exf6 Qxg7 68. fxg7 Kf7 $11) (67. Qh7 $18 {White wants to mate with Ra7.} fxe5 68. Qg6+ Qf7 69. Qxg5) 67... Qe7 $1 $14 68. Qc6+ (68. Qc4 {simplifies} Kf8 69. f4 gxf4 70. e6) 68... Kf7 $1 69. exf6 Qe6 $2 (69... Qd6 $14 70. Qc3 Kg6) 70. Ra7+ $18 Kxf6 71. Qc3+ Kf5 72. Qc2+ Kf6 73. Qb2+ Kf5 74. Qb1+ $1 Kf6 75. Rh7 Ke5 76. Rg7 Qf6 77. Qe1+ (77. Qe4+ $142 Kd6 78. Rg6 Qxg6 79. Qxg6+ Kc5 80. Qxg5+ Rd5 81. Qxh4) 77... Kd5 78. Re7 (78. Qe4+ $142 Kd6 79. Rg6) 78... Rd6 79. Qe4+ Kc5 80. Rc7+ $2 (80. Re5+ $18 Qxe5 81. Qxe5+ Rd5 82. Qe3+ Kb5 83. f4 gxf4 84. Qxf4) 80... Rc6 $16 81. Qc2+ Kb5 82. Qe2+ ({White should play} 82. Qb1+ Kc5 83. Qc2+ Kb5 84. Qd3+ Kc5 85. Qc2+) 82... Kb4 83. Qe4+ (83. Qe1+ $1 $16 Qc3 84. Qb1+ (84. Rxc6 $2 {perishes.} Qxe1+ 85. Kh2 b5 $19) 84... Kc5 85. Rd7) 83... Kb5 $2 (83... Kc5 $11 84. Qc2+ Kb5 85. Qd3+ Kc5 86. Qa3+ Kb5 87. Qb3+ Kc5) 84. Qd5+ $1 $18 Rc5 {[%emt 0:00:00] [#]} 85. Qb3+ $2 ({White must play} 85. Qd3+ $1 $18 Ka4 86. Qd1+ Kb5 87. Qf1+ Kb4 88. Qb1+ Kc4 89. Rd7) 85... Ka6 $14 86. Qd3+ Ka5 $2 {[%emt 0:00:11][%mdl 8192] [#]} (86... Rb5 $14 87. Rc4 (87. Qe4 Qa1+ 88. Kh2 Qe5+ 89. Qxe5 Rxe5 $15) 87... Qf5) 87. Ra7+ $1 Kb4 88. Qa3+ Kc4 89. Qa4+ (89. Qa2+ $142 Kb4 90. Qa4+ Kc3 91. Qa1+ {[%mdl 64] Skewer} Kb3 92. Qxf6 b5 93. Qd6 Rc1+ 94. Kh2) 89... Kd5 $18 90. Qd1+ Ke5 91. Rd7 Qe6 92. Rd8 Rd5 93. Qe2+ 1-0

[Event "American Cup Elimination 2023"]
[Site "Saint Louis"]
[Date "2023.03.21"]
[Round "2.5"]
[White "Aronian, Levon"]
[Black "Caruana, Fabiano"]
[Result "0-1"]
[ECO "C77"]
[WhiteElo "2745"]
[BlackElo "2766"]
[Annotator "TA"]
[PlyCount "90"]
[EventDate "2023.03.15"]
[EventType "k.o."]
[EventCountry "USA"]
[SourceTitle "playchess.com"]
[Source "ChessBase"]
[SourceQuality "1"]
[TimeControl "600+5"]

1. e4 e5 2. Nf3 Nc6 3. Bb5 a6 4. Ba4 Nf6 5. d3 d6 6. c3 g6 7. O-O Bg7 8. Be3 {[%emt 0:00:04] C77: Ruy Lopez: 3...a6 4 Ba4 Nf6, unusual lines.} O-O 9. Nbd2 h6 10. h3 {[%emt 0:00:04] The position is equal.} Nd7 {[%emt 0:00:04] [#]} 11. d4 $146 ({Predecessor:} 11. Nh2 Ne7 12. f4 exf4 13. Bxf4 Nc5 14. Bc2 Ne6 15. Be3 f5 16. d4 f4 17. Bf2 {1-0 Murzin,V (2502)-Nihal,S (2620) Gelfand Challenge rapid 2021 (19)}) 11... f5 12. dxe5 (12. exf5 $14 gxf5 13. Bb3+ Kh7 14. dxe5 dxe5 15. Qe2) 12... dxe5 (12... f4 $1 $11 13. e6 fxe3 14. exd7 exf2+ 15. Rxf2 Bxd7) 13. exf5 $14 gxf5 14. Bxc6 (14. g3 $14) 14... bxc6 $15 15. Nb3 Qf6 (15... Qe7 $5) 16. Re1 Re8 17. Qc2 Qf7 18. Rad1 Nf8 19. Nc5 a5 20. Qa4 Ng6 21. Bc1 Rb8 22. Nd2 (22. Qxa5 e4 $16) (22. Qxc6 $11 {remains equal.} e4 23. Nd4) 22... Rb5 $17 23. Ndb3 Bf8 24. Nd3 Rd5 (24... f4 $1 $17) 25. Nxa5 $11 (25. Qxc6 $2 Red8 26. f4 R5d6 $19) 25... f4 26. Nb4 Rxd1 27. Qxd1 ({White must play} 27. Rxd1 $15 c5 28. Nbc6) 27... Nh4 $1 $19 28. Kh2 (28. Naxc6 Qg7 29. Qd5+ Be6 $19) (28. Kh1 {was worth a try.} c5 29. Nc2 (29. Nbc6 e4 $17)) 28... e4 {[%emt 0:00:11][%cal Oh4g2] Threatens to win with ...Nxg2!} 29. Naxc6 ({Much weaker is} 29. Nbxc6 e3 30. Rg1 (30. fxe3 $2 {loses.} f3 $19) 30... e2 $19) 29... Bd6 30. Kh1 f3 31. g4 {[%emt 0:00:06] Strongly threatening Nd5.} (31. Bxh6 fxg2+ 32. Kg1 Nf3+ 33. Kxg2 Bxh3+ 34. Kh1 Nxe1) 31... Ng2 32. Rg1 h5 33. Qd5 (33. Rxg2 $142 fxg2+ {[%mdl 64] Discovered Attack} 34. Kxg2 Qf3+ 35. Qxf3 exf3+ 36. Kxf3) 33... hxg4 {[%emt 0:00:07] White must now prevent ...e3.} 34. hxg4 Qxd5 35. Nxd5 {[%emt 0:00:04] Nf6+ would be deadly.} Kf7 {[%emt 0:00:07] Repels Nf6. ( -> ...Rh8+)} 36. Rxg2 {[%emt 0:00:04][%cal Og2h2] Hoping for Rh2!} fxg2+ 37. Kxg2 Bxg4 38. Nd4 {[%emt 0:00:05] Dodges Bf3+} (38. Ne3 $17 Bf3+ 39. Kf1) 38... Rh8 $2 ({Black should try} 38... c5 $19 39. Ne3 cxd4 40. Nxg4 Rg8) 39. Ne3 (39. Bf4 $15) 39... Rh2+ $1 $17 40. Kg1 {[%emt 0:00:04] [#]} (40. Kf1 $17 {was forced.}) 40... Bf3 $1 $19 41. Nxf3 exf3 42. Nf5 $2 (42. c4) 42... Rg2+ {[%emt 0:00:05] Black is clearly winning.} 43. Kf1 {[%emt 0:00:05] [#]} Bh2 $1 44. Ke1 Rg1+ 45. Kd2 Bf4+ {[%emt 0:00:04] Weighted Error Value: White=0.51/Black=0.20 (precise)} 0-1